 Dungeon Crawl Stone Soup version 0.31-a0-667-g39726597b9 (webtiles) character file.

Game seed: 4001018774321520210

479 Descartes the Shield-Bearer (level 7, 0/52 HPs)
             Began as a Formicid Fighter on Sept 3, 2023.
             Slain by Pikel
             ... wielding a +0 whip of flaming
              (2 damage)
             ... on level 3 of the Dungeon.
             The game lasted 00:04:16 (3035 turns).

Descartes the Shield-Bearer (Formicid Fighter)      Turns: 3035, Time: 00:04:17

Health: 0/52       AC: 11    Str: 23    XL:     7   Next: 33%
Magic:  7/7        EV:  8    Int:  7    God:
Gold:   193        SH:  5    Dex: 13    Spells: 6/6 levels left

rFire   . . .        a - +0 war axe
rCold   . . .        c - +0 buckler
rNeg    . . .        u - +0 chain mail
rPois   .            (helmet unavailable)
rElec   .            t - +0 cloak
rCorr   .            (no gloves)
SInv    +            (no boots)
Will    .....        (no amulet) Stlth
                     (no ring)
HPRegen 0.28/turn    (no ring)
MPRegen 0.10/turn

%: no passive effects
@: no status effects
A: permanent stasis, dig shafts and tunnels, antennae 3, four strong arms
a: Dig, Shaft Self


You were on level 3 of the Dungeon.
You visited 1 branch of the dungeon, and saw 4 of its levels.

You collected 193 gold pieces.

Inventory:

Hand Weapons
 a - a +0 war axe (weapon)
Missiles
 l - 3 javelins
 w - 7 poisoned darts
Armour
 c - a +0 buckler (worn)
 t - a +0 cloak (worn)
 u - a +0 chain mail (worn)
Scrolls
 e - a scroll of immolation
 i - a scroll of summoning {unknown}
 k - a scroll of amnesia {unknown}
 n - a scroll of brand weapon {unknown}
 p - a scroll of poison
 q - 2 scrolls of noise
 y - a scroll of enchant weapon {unknown}
Potions
 b - a potion of brilliance {unknown}
 d - 2 potions of might
 g - a potion of magic {unknown}
 h - a potion of curing {unknown}
 j - a potion of experience {unknown}
 o - a potion of attraction {unknown}
 r - a potion of heal wounds {unknown}
 x - a potion of mutation {unknown}


   Skills:
 - Level 3.2 Fighting
 + Level 4.6 Axes
 + Level 5.5 Armour
 + Level 6.7 Shields


You had 6 spell levels left.
You didn't know any spells.
Your spell library was empty.

Dungeon Overview and Level Annotations

Branches:
Dungeon (4/15)
 Temple: D:4-7

Altars:

Portals:
Abyss: D:3

Annotations:
D:3 2 transporters, Pikel; niknal's ghost, weakling TrWr
D:4 Menkaure


Innate Abilities, Weirdness & Mutations

You cannot be hasted, slowed, berserked, paralysed or teleported.
You can dig through walls and to a lower floor.
You have a pair of large antennae on your head. (SInv)
Your four strong arms can wield two-handed weapons with a shield.


Message History

The lemure is moderately wounded.
You closely miss Pikel.
Pikel hits you with a +0 whip of flaming.
Pikel burns you. The lemure barely misses you.
Pikel hits you but does no damage. The lemure hits you but does no damage.
You closely miss the lemure.
The lemure is moderately wounded.
You barely miss Pikel.
Pikel hits you with a +0 whip of flaming.
Pikel burns you. The lemure hits you but does no damage.
You closely miss the lemure.
The lemure is moderately wounded.
You hit Pikel but do no damage.
Pikel hits you with a +0 whip of flaming.
Pikel burns you. You block the lemure's attack.
You miss Pikel. You hit the lemure.
Pikel hits you with a +0 whip of flaming.
Pikel burns you. The lemure hits you but does no damage.
Pikel hits you with a +0 whip of flaming.
Pikel burns you. The lemure hits you.
Unknown command.
You closely miss Pikel. You barely miss the lemure.
Pikel hits you with a +0 whip of flaming.
Pikel burns you.
* * * LOW HITPOINT WARNING * * *
The lemure hits you but does no damage.
You closely miss Pikel. You hit the lemure. Pikel hits you but does no damage.
The lemure hits you.
* * * LOW HITPOINT WARNING * * *
Unknown command.
You slash the lemure!
The lemure is almost dead.
You closely miss Pikel. Pikel hits you but does no damage.
The lemure hits you but does no damage.
Pikel says, "Asmodeus and me are pals.
He gave me this whip."
Pikel hits you with a +0 whip of flaming!
* * * LOW HITPOINT WARNING * * *
Pikel burns you.
You die...
Pikel says, "See you in Hell!"

#....### #.#
#.........##
.......# #.#
#........###
...#+#.# #.#####
#........# #
.......####.....#
#........#
..........#.....#
##########
.......รท..).....##
.................#
...........#...5K#
.....#...####.##@#
.....#.### #.####
.....#.######.###
.....#.##.......#
....##.###.#.##.#
######!....#.##.#
#####.#....#
########


You could see Pikel and a lemure.

Vanquished Creatures
  Sigmund (D:3)
  A lemure (D:3)
  3 killer bees (D:3)
  2 gnolls (D:3)
  7 adders
  3 worms
  A dart slug (D:1)
  2 orcs (D:3)
  5 ball pythons
  7 bats
  3 endoplasms
  6 giant cockroaches
  6 goblins
  6 hobgoblins
  15 jackals
  5 quokkas
  4 frilled lizards
  11 kobolds
  6 rats
94 creatures vanquished.

Notes
Turn   | Place    | Note
-------+----------+-------------------------------------------
     0 | D:1      | Descartes the Formicid Fighter began the quest for the Orb.
     0 | D:1      | Reached XP level 1. HP: 18/18 MP: 1/1
   165 | D:1      | Reached XP level 2. HP: 16/24 MP: 2/2
   457 | D:1      | Reached XP level 3. HP: 23/29 MP: 3/3
  1198 | D:2      | Reached XP level 4. HP: 30/35 MP: 4/4
  1371 | D:2      | Reached skill level 5 in Shields
  1741 | D:2      | Reached XP level 5. HP: 37/41 MP: 5/5
  2039 | D:3      | Found a transporter.
  2340 | D:3      | Found a transporter.
  2345 | D:3      | Noticed niknal's ghost (weakling TrWr)
  2346 | D:3      | Noticed a small abomination
  2350 | D:3      | Found a one-way gate to the infinite horrors of the Abyss.
  2405 | D:3      | Noticed Sigmund
  2441 | D:3      | Killed Sigmund
  2442 | D:3      | Reached skill level 5 in Armour
  2442 | D:3      | Reached skill level 6 in Shields
  2442 | D:3      | Reached XP level 6. HP: 13/47 MP: 6/6
  2703 | D:4      | Noticed Menkaure
  2789 | D:3      | Reached XP level 7. HP: 41/52 MP: 7/7
  3023 | D:4      | Noticed Pikel
  3035 | D:3      | HP: 2/52 [Pikel/+0 whip of flaming (9)]
  3035 | D:3      | Slain by Pikel

Illustrated notes

Levels and vault maps discovered:
D:1:      evilmike_arrival_home_sweet_home, layout_basic
D:2:      cheibrodos_helix_gallery, layout_rooms, minmay_tall_x
D:3:      layout_basic, gammafunk_ghost_abyssal_escape, uniq_sigmund
D:4:      layout_cave_pools, grunt_temple_overflow_holy_war, trog_book,
          minmay_temple_entry_purple_smoke, amcnicky_mini_rare_corridor_liquid,
          grunt_ministairs_12, uniq_menkaure, uniq_pikel, uniq_grinder

Skill      XL: |  1  2  3  4  5 |
---------------+----------------+-----
Axes           | 3 4 |  4.6
Armour         | 4 5 |  5.5
Shields        | 5 6 |  6.7
Fighting       | |  3.2

Action                     |  1- 3 |  4- 6 |  7- 9 || total
---------------------------+-------+-------+-------++-------
  Melee: War axe           |   153 |   164 |    31 ||   348
Ability: Dig               |       |     1 |       ||     1
    Use: Scroll            |       |     5 |       ||     5
 Armour: Scale mail        |    86 |    62 |       ||   148
         Chain mail        |       |   114 |    55 ||   169
  Dodge: Dodged            |    56 |   104 |    15 ||   175
  Block: Buckler           |    30 |    55 |    15 ||   100

Table legend: (Time is in decaauts)
 A = Elapsed time spent in this place.
 B = Non-inter-level travel time spent in this place.
 C = Inter-level travel time spent in this place.
 D = Time resting spent in this place.
 E = Time spent auto-exploring this place.
 F = Levels seen in this place.
 G = Mean time per level.
                   A        B        C        D        E       F      G
               +--------+--------+--------+--------+--------+-----+--------+
         Total |   3172 |   3114 |     58 |      0 |   2334 |   4 |  793.0 |
       Dungeon |   3172 |   3114 |     58 |      0 |   2334 |   4 |  793.0 |
               +--------+--------+--------+--------+--------+-----+--------+

Top non-repeatable levels by time:
     D:3: 1243 daAuts
     D:1: 1229 daAuts
     D:2: 677 daAuts
     D:4: 22 daAuts
